 Dungeon Crawl Stone Soup version 0.20-a0-268-gb6bde61 (webtiles) character file.

87218 Derfel the Unseen (level 15, -15/81 HPs)
             Began as a Spriggan Enchanter on Dec 7, 2016.
             Was the Champion of Dithmenos.
             Killed from afar by a fire giant (49 damage)
             ... with a bolt of fire
             ... on level 13 of the Dungeon.
             The game lasted 03:55:48 (30391 turns).

Derfel the Unseen (Spriggan Enchanter)             Turns: 30391, Time: 03:55:48

Health: -15/81     AC:  9    Str:  4    XL:     15   Next: 43%
Magic:  25/32      EV: 28    Int: 27    God:    Dithmenos [******]
Gold:   1397       SH:  7    Dex: 17    Spells: 3/38 levels left

rFire  . . .     SeeInvis +     a - +7 dagger (venom)
rCold  + . .     Gourm    .     B - +2 robe {rC+}
rNeg   . . .     Faith    .     t - +2 buckler
rPois  .         Spirit   .     q - +2 hat {MR+}
rElec  .         Reflect  .     O - +2 cloak {MR+}
rCorr  .         Harm     .     (gloves unavailable)
MR     ++++.                    (boots unavailable)
Stlth  ++++++++++               L - amulet of regeneration
                                I - ring of wizardry
                                l - +4 ring of intelligence

@: wreathed by umbra, very quick
A: unfitting armour, see invisible, herbivore 3, speed 3, slow metabolism 2
a: Shadow Step, Shadow Form, Renounce Religion


You were on level 13 of the Dungeon.
You worshipped Dithmenos.
Dithmenos was exalted by your worship.
You were not hungry.

You visited 3 branches of the dungeon, and saw 20 of its levels.
You also visited: Labyrinth and Ice Cave.

You collected 1583 gold pieces.
You spent 186 gold pieces at shops.

Inventory:

Hand Weapons
 a - a +7 dagger of venom (weapon)
 b - a +0 blowgun
 W - a +4 dagger
Missiles
 M - 4 curare-tipped needles
 U - 38 poisoned needles
Armour
 o - a +0 robe of fire resistance
 q - a +2 hat of magic resistance (worn)
 t - a +2 buckler (worn)
 B - a +2 robe of cold resistance (worn)
 O - a +2 cloak of magic resistance (worn)
Jewellery
 e - an uncursed ring of ice
 k - an uncursed ring of resist corrosion
 l - a +4 ring of intelligence (left hand)
 s - an uncursed ring of protection from cold
 E - an uncursed amulet of magic regeneration
 I - a ring of wizardry (right hand)
 L - an amulet of regeneration (around neck)
Wands
 j - a wand of slowing (19/48)
 p - a wand of iceblast (7/15)
 A - a wand of digging (13/24)
 C - a wand of heal wounds (5/9)
 N - a wand of teleportation (4/9)
 T - a wand of acid (11/15)
 Z - a wand of paralysis (0/24)
Scrolls
 m - a scroll of fog
 u - 6 scrolls of teleportation
 y - 4 scrolls of remove curse {@r2}
 D - a scroll of magic mapping
 H - a scroll of brand weapon
 P - 3 scrolls of amnesia
 R - a scroll of enchant armour
Potions
 g - 4 potions of flight
 h - 3 potions of heal wounds
 i - 3 potions of lignification
 n - 4 potions of berserk rage
 r - 2 potions of ambrosia
 w - 4 potions of curing {@q1}
 z - 2 potions of cure mutation
 F - 3 potions of haste
 G - a potion of might
 J - a potion of resistance
 K - a potion of brilliance
 Q - 4 potions of cancellation
 V - 4 potions of agility
 X - a potion of magic
 Y - 2 potions of invisibility
Books
 f - a book of Debilitation

   Spells                             Type                      Level
   a - Corona                         Hexes                        1
   b - Slow                           Hexes                        2
   c - Gell's Gravitas                Hexes/Translocation          3
   d - Inner Flame                    Hexes/Fire                   3
   e - Cause Fear                     Hexes                        4
   f - Leda's Liquefaction            Hexes/Earth                  4
 S - a book of the Sky

   Spells                             Type                      Level
   a - Summon Lightning Spire         Summoning/Air                4
   b - Airstrike                      Air                          4
   c - Silence                        Hexes/Air                    5
   d - Deflect Missiles               Charms/Air                   6
   e - Conjure Ball Lightning         Conjuration/Air              6
   f - Tornado                        Air                          9
Comestibles
 c - a slice of pizza
 d - 10 bread rations
 v - 5 fruits
 x - 17 royal jellies


   Skills:
 - Level 10.7 Fighting
 + Level 11.9 Short Blades
 + Level 13.3 Dodging
 - Level 16.2 Stealth
 - Level 12.1 Spellcasting
 - Level 1.2 Conjurations
 - Level 12.3 Hexes
 - Level 4.8 Summonings
 + Level 5.0 Translocations
 - Level 6.0 Ice Magic
 + Level 4.2 Evocations


You had 3 spell levels left.
You knew the following spells:

 Your Spells              Type           Power        Failure   Level  Hunger
a - Corona                Hex            ######.      1%          1    None
b - Ensorcelled Hibernat  Hex/Ice        ######       1%          2    None
c - Confuse               Hex            ######..     1%          3    None
d - Tukima's Dance        Hex            ######..     1%          3    None
e - Dazzling Spray        Conj/Hex       ######       1%          3    None
f - Gell's Gravitas       Hex/Tloc       ######....   1%          3    None
g - Fulminant Prism       Conj/Hex       ######....   1%          4    None
h - Summon Ice Beast      Ice/Summ       #####...     4%          4    None
i - Metabolic Englaciati  Hex/Ice        ######....   1%          5    ###....
j - Summon Guardian Gole  Hex/Summ       ######..     1%          3    None
k - Cause Fear            Hex            ######....   1%          4    None


Dungeon Overview and Level Annotations

Branches:
Dungeon (13/15)            Temple (1/1) D:6            Lair (6/6) D:8
 Shoals (0/4) Lair:3       Spider (0/4) Lair:2        Slime (0/5) Lair:5
    Orc (0/2) D:12         Vaults (0/5) D:13

Altars:
Ashenzari
Cheibriados
Dithmenos
Elyvilon
Fedhas
Gozag
Hepliaklqana
Makhleb
Nemelex Xobeh
Okawaru
Ru
Sif Muna
Uskayaw
Vehumet
Xom
Yredelemnul
Zin
The Shining One

Shops:
D:6 *   D:9 *   D:10 }

Portals:
Trove: D:13 (give 17 scrolls of identify)

Annotations:
D:13 exclusion: orc wizard
Lair:5 exclusion: oklob plant


Innate Abilities, Weirdness & Mutations

You are very small and have problems with some larger weapons.
You are too small for most types of armour.
You have supernaturally acute eyesight. (SInv)
You are a herbivore.
You cover ground extremely quickly.
You need consume almost no food.


Message History

The fire giant resists with almost no effort.
Casting: Ensorcelled Hibernation
Confirm with . or Enter, or press ? or * to list all spells.
Aiming: Ensorcelled Hibernation
Press: ? - help, Shift-Dir - straight line, f/p - fire giant
Aim: a fire giant, wielding a great sword of flaming (umbra, chance to defeat MR: 22%)
The fire giant resists with almost no effort.
The fire giant barely misses you.
Casting: Ensorcelled Hibernation
Confirm with . or Enter, or press ? or * to list all spells.
Aiming: Ensorcelled Hibernation
Press: ? - help, Shift-Dir - straight line, f/p - fire giant
Aim: a fire giant, wielding a great sword of flaming (umbra, chance to defeat MR: 22%)
The fire giant resists with almost no effort.
The fire giant hits you with a great sword of flaming!!!
You emit a cloud of dark smoke.
The fire giant burns you! The fire giant casts a spell at you.
The bolt of fire hits you!
Ouch! That really hurt!
You die...

# ##..##..#.#.# ######.#
#####...#.#.# .......#
#......##.#.# ##†##### ###
#####.#####.#
..))...#####.#####..).[....#.#
##.###.##..#.#..##.#.#####.#.#
#.# #.##[)§§#(.##.#.......#.#
##.###§#####C#.###.#.###.#.#.#
...........§#§..@..#.#...#.#.#
##.###.###.#§#####.#.#.#.#.#.#
#.# #.##..#.!.)##.....#.#.#.#
#.# #.##).#.#).##.###.#.#.#.#
... ..#####.#####.......#.#.##
############################..#
..............[...............#
....<.........................#
####[....).....)..#############


You could see a fire giant.

Vanquished Creatures
  A frost giant (IceCv)
  Snorg (Lair:3)
  A minotaur (Lab)
  The ghost of taraiph the Severer, a journeyman DDFi of Makhleb (IceCv)
  7 hydras
  The ghost of gressup the Cleaver, a journeyman NaBe of Trog (D:10)
  Fannar (Lair:1)
  A vault guard (D:13)
  2 deep troll earth magi (D:13)
  3 centaur warriors (D:13)
  A tengu warrior (D:13)
  Erica (Lair:1)
  Urug (D:9)
  Sonja (D:10)
  An unseen horror (D:13)
  4 hill giants
  The ghost of taraiph the Geomancer, a novice DDEE of Makhleb (D:5)
  7 ugly things
  A deep elf mage (D:12)
  3 wolf spiders
  A cyclops (D:12)
  3 manticores
  11 elephants
  5 black mambas
  An ice statue (IceCv)
  Maurice (D:9)
  Joseph (D:10)
  2 torpor snails
  A guardian serpent (Lair:6)
  21 spiny frogs
  4 rime drakes
  10 komodo dragons
  4 yaktaurs (D:12)
  An efreet (D:13)
  A merfolk (shapeshifter) (D:13)
  3 jumping spiders (Lair:2)
  A troll (D:13)
  3 meliai
  A queen bee (Lair:5)
  A slime creature (D:13)
  18 polar bears
  Grinder (D:3)
  3 hornets
  A snapping turtle (Lair:3)
  A two-headed ogre (D:12)
  10 blink frogs
  7 dream sheep (Lair:4)
  11 hippogriffs
  2 redbacks (Lair:6)
  3 shadows
  10 wyverns
  5 wraiths
  69 yaks
  3 hungry ghosts
  A vampire mosquito (D:13)
  A human (D:3)
  2 basilisks
  A soldier ant (shapeshifter) (D:13)
  22 water moccasins
  Duvessa (D:4)
  Purgy (D:4)
  5 porcupines
  5 ice beasts
  An orc warrior (D:8)
  4 sky beasts
  2 eyes of draining (D:11)
  A hornet zombie (D:13)
  5 phantoms
  3 black bears
  A necrophage (D:8)
  17 wolves
  7 ogres
  9 centaurs
  12 crocodiles
  20 bullfrogs
  3 big kobolds
  2 wyvern zombies
  4 scorpions
  Dowan (D:4)
  37 killer bees
  7 wights
  7 howler monkeys
  A spriggan skeleton (Lab)
  A troll skeleton (Lab)
  5 electric eels
  4 bullfrog zombies
  6 crimson imps
  6 centaur zombies
  The ghost of Chris2Schill the Conjurer, a weakling DECj (D:4)
  9 jellies
  13 hounds
  A quasit (D:10)
  4 orc priests
  4 bullfrog skeletons
  2 centaur skeletons
  Jessica (D:2)
  A gnoll shaman (D:8)
  An orc wizard (D:13)
  6 iguanas
  2 hell rats (Lair:6)
  13 worker ants
  An ogre skeleton (Lab)
  A mummy (D:8)
  2 hound zombies
  A worker ant zombie (D:11)
  2 hound skeletons
  A howler monkey zombie (D:7)
  9 gnolls
  12 adders
  4 shadow imps
  11 white imps (Lair:5)
  7 oozes
  An adder skeleton (D:7)
  4 worms
  A dart slug (D:1)
  4 leopard geckos
  16 orcs
  7 bats
  8 giant cockroaches
  11 goblins
  10 hobgoblins
  5 jackals
  26 kobolds
  4 quokkas
  A ball python (D:2)
  5 frilled lizards
  2 jackal zombies
  5 rats
684 creatures vanquished.

Vanquished Creatures (collateral kills)
  Gastronok (D:8)
  5 vault guards (D:13)
  2 hill giants
  A rime drake (IceCv)
  A two-headed ogre (D:13)
  Grum (Lair:1)
  A vampire mosquito (D:13)
  An ogre (D:9)
  A howler monkey (D:8)
  An orc priest (D:8)
  5 gnolls
  6 orcs
  A hobgoblin (D:4)
  A kobold (D:3)
28 creatures vanquished.

Vanquished Creatures (others)
  8 dancing weapons
  3 polar bears (IceCv)
  A white imp (Lair:5)
  An orc (D:8)
  A bush (Lair:6)
  5 fulminant prisms
  31 fungi
  37 plants
87 creatures vanquished.

Grand Total: 799 creatures vanquished

Notes
Turn   | Place    | Note
-------+----------+-------------------------------------------
     0 | D:1      | Derfel the Spriggan Enchanter began the quest for the Orb.
     0 | D:1      | Reached XP level 1. HP: 9/9 MP: 5/5
   437 | D:1      | Reached XP level 2. HP: 11/13 MP: 2/6
  1110 | D:2      | Reached XP level 3. HP: 10/16 MP: 9/9
  1114 | D:2      | Learned a level 2 spell: Ensorcelled Hibernation
  1118 | D:2      | Learned a level 3 spell: Confuse
  1590 | D:2      | Noticed Jessica
  1601 | D:2      | Killed Jessica
  1601 | D:2      | Reached skill level 5 in Stealth
  1601 | D:2      | Reached XP level 4. HP: 10/21 MP: 3/11
  2330 | D:2      | Found an iron altar of Okawaru.
  2906 | D:2      | Found an iron altar of Okawaru.
  3256 | D:2      | Learned a level 3 spell: Tukima's Dance
  3333 | D:3      | Reached XP level 5. HP: 24/24 MP: 13/13
  3364 | D:3      | Reached skill level 5 in Hexes
  3397 | D:3      | Reached skill level 6 in Stealth
  3440 | D:3      | Reached skill level 5 in Spellcasting
  3441 | D:3      | Found a runed door.
  3441 | D:3      | Noticed a human
  3443 | D:3      | Found a basalt altar of Yredelemnul.
  3461 | D:3      | Killed a human
  3461 | D:3      | Reached XP level 6. HP: 17/28 MP: 9/15
  3741 | D:3      | Noticed Grinder
  3884 | D:3      | Killed Grinder
  3884 | D:3      | Reached skill level 7 in Stealth
  3884 | D:3      | Reached XP level 7. HP: 23/32 MP: 7/17
  4477 | D:3      | Found a sacrificial altar of Ru.
  4507 | D:3      | Found a blossoming altar of Fedhas.
  4629 | D:4      | Reached skill level 8 in Stealth
  5080 | D:4      | Noticed Duvessa
  5092 | D:4      | Noticed Dowan
  5180 | D:4      | Killed Dowan
  5274 | D:4      | Killed Duvessa
  5362 | D:4      | Noticed Purgy
  5501 | D:4      | Killed Purgy
  5501 | D:4      | Reached skill level 9 in Stealth
  5704 | D:4      | Found a white marble altar of Elyvilon.
  5750 | D:4      | Found a snail-covered altar of Cheibriados.
  5922 | D:4      | Noticed Chris2Schill's ghost (weakling DECj)
  5953 | D:4      | Killed Chris2Schill's ghost
  5953 | D:4      | Reached XP level 8. HP: 36/36 MP: 15/19
  6064 | D:5      | Entered Level 5 of the Dungeon
  6196 | D:5      | Noticed taraiph's ghost (novice DDEE)
  6700 | D:5      | Killed taraiph's ghost
  6700 | D:5      | Reached skill level 10 in Stealth
  6751 | D:5      | Reached skill level 11 in Stealth
  7029 | D:5      | Reached XP level 9. HP: 39/39 MP: 22/22
  7078 | D:5      | Found a glowing golden altar of the Shining One.
  7549 | D:6      | You fall through a shaft for 2 floors!
  7549 | D:8      | Found a staircase to the Lair.
  7705 | D:7      | Learned a level 3 spell: Dazzling Spray
  7709 | D:7      | Learned a level 3 spell: Gell's Gravitas
  7798 | D:7      | Found a sacrificial altar of Ru.
  7841 | D:7      | Reached skill level 1 in Fighting
  9022 | D:6      | Reached skill level 10 in Hexes
  9155 | D:6      | Found a sparkling altar of Nemelex Xobeh.
  9190 | D:6      | Found a staircase to the Ecumenical Temple.
  9192 | D:6      | Reached skill level 5 in Dodging
  9204 | Temple   | Entered the Ecumenical Temple
  9384 | Temple   | Became a worshipper of Dithmenos the Shadowed
  9572 | D:6      | Found a basalt altar of Yredelemnul.
  9768 | D:6      | Found Atohitu's General Store.
  9789 | D:6      | Bought a scroll of enchant armour for 90 gold pieces
 10200 | D:8      | Reached XP level 10. HP: 47/47 MP: 18/24
 10632 | D:8      | Reached * piety under Dithmenos
 11395 | D:8      | Reached ** piety under Dithmenos
 11399 | D:8      | Found a burning altar of Makhleb.
 11457 | D:8      | Reached skill level 10 in Spellcasting
 11643 | D:9      | Noticed Maurice
 11774 | D:9      | Killed Maurice
 11821 | D:9      | Found Bomane's General Store.
 11839 | D:9      | Bought a potion of curing for 39 gold pieces
 11858 | D:9      | Reached skill level 5 in Short Blades
 11882 | D:9      | Found a shattered altar of Ashenzari.
 12327 | D:10     | Entered Level 10 of the Dungeon
 12330 | D:10     | Noticed gressup's ghost (journeyman NaBe)
 12346 | D:10     | Noticed Joseph
 12374 | D:10     | Noticed Urug
 12383 | D:10     | Killed gressup's ghost
 12493 | D:9      | Killed Urug
 12493 | D:9      | Reached XP level 11. HP: 53/53 MP: 23/26
 12652 | D:10     | Killed Joseph
 12652 | D:10     | Reached skill level 5 in Fighting
 12732 | D:10     | Learned a level 4 spell: Fulminant Prism
 12753 | D:10     | Noticed Sonja
 12806 | D:10     | Killed Sonja
 12954 | D:10     | Reached skill level 1 in Conjurations
 13038 | D:10     | Reached *** piety under Dithmenos
 13180 | D:10     | Found Doicsiople's Gadget Emporium.
 13537 | Lair:1   | Entered Level 1 of the Lair of Beasts
 13578 | Lair:1   | Noticed Gastronok
 13609 | Lair:1   | Noticed Fannar
 14231 | Lair:1   | Reached skill level 12 in Stealth
 14345 | Lair:1   | Killed Fannar
 14766 | Lair:1   | Found a sacrificial altar of Ru.
 14777 | Lair:1   | Reached skill level 1 in Ice Magic
 14784 | Lair:1   | Noticed Erica
 14900 | Lair:1   | Killed Erica
 14925 | Lair:1   | Noticed Grum
 15176 | Lair:1   | Killed Grum
 15455 | Lair:1   | Reached XP level 12. HP: 60/60 MP: 1/28
 15803 | Lair:2   | Identified a scroll of acquirement
 16722 | Lair:2   | Found a hole to the Spider Nest.
 16733 | Lair:2   | HP: 3/61 [jumping spider (1)]
 16985 | Lair:2   | Reached skill level 13 in Stealth
 17063 | Lair:3   | Noticed a seven-headed hydra
 17094 | Lair:3   | Found a labyrinth entrance.
 17104 | Lab      | Entered a labyrinth
 17452 | Lab      | Noticed a minotaur
 17473 | Lab      | Killed a minotaur
 17551 | Lair:3   | Noticed Snorg
 17563 | Lair:3   | Reached **** piety under Dithmenos
 17604 | Lair:3   | Killed Snorg
 17881 | Lair:3   | Killed a seven-headed hydra
 18253 | Lair:3   | Found a staircase to the Shoals.
 18418 | Lair:4   | Reached skill level 10 in Short Blades
 18708 | Lair:4   | Reached skill level 10 in Dodging
 19109 | Lair:4   | Reached skill level 14 in Stealth
 19184 | Lair:4   | Reached XP level 13. HP: 67/67 MP: 22/29
 19949 | Lair:5   | Found a frozen archway.
 19994 | IceCv    | Entered an ice cave
 20201 | IceCv    | Reached skill level 5 in Ice Magic
 20366 | IceCv    | Reached ***** piety under Dithmenos
 20572 | IceCv    | Noticed taraiph's ghost (journeyman DDFi)
 20722 | IceCv    | Killed taraiph's ghost
 20913 | IceCv    | Noticed a frost giant
 20969 | IceCv    | Reached skill level 15 in Stealth
 21369 | IceCv    | Killed a frost giant
 22214 | Lair:5   | Learned a level 4 spell: Summon Ice Beast
 22220 | Lair:5   | Learned a level 5 spell: Metabolic Englaciation
 22567 | D:9      | Bought 4 curare-tipped needles for 31 gold pieces
 22567 | D:9      | Bought 5 poisoned needles for 26 gold pieces
 22769 | D:8      | Killed Gastronok
 22769 | D:8      | Reached skill level 1 in Summonings
 23383 | Lair:5   | Reached XP level 14. HP: 65/75 MP: 2/30
 24467 | Lair:6   | Entered Level 6 of the Lair of Beasts
 25193 | Lair:6   | Reached ****** piety under Dithmenos
 25290 | Lair:6   | Reached skill level 16 in Stealth
 25545 | Lair:6   | Reached skill level 10 in Fighting
 27371 | Lair:4   | Learned a level 3 spell: Summon Guardian Golem
 27479 | D:11     | Found an opulent altar of Gozag.
 28585 | D:12     | Learned a level 4 spell: Cause Fear
 28610 | D:12     | Found a shadowy altar of Dithmenos.
 28654 | D:12     | Found a staircase to the Orcish Mines.
 29142 | D:13     | Reached XP level 15. HP: 81/81 MP: 32/32
 29152 | D:13     | Found a gate to the Vaults.
 29339 | D:13     | Reached skill level 1 in Evocations
 29364 | D:13     | Reached skill level 1 in Translocations
 29623 | D:13     | Noticed a fire giant
 30167 | D:13     | Found a portal to a secret trove of treasure.
 30374 | D:13     | Reached skill level 5 in Translocations
 30391 | D:13     | Killed from afar by a fire giant

Vault maps used:
D:1:      dpeg_arrival_water_fire, serial_glass, glass_columns_a,
          glass_columns_b, glass_columns_c, glass_columns_c
D:2:      okawaru_altar_gauntlet_db, uniq_jessica
D:3:      wad_lake_hut, nicolae_overflow_hidden_temple, dk_yredelemnul_ordeal,
          uniq_grinder
D:4:      lemuel_coloured_pillars_altar, cheibriados_altar_wand_db, first_bread,
          uniq_purgy, uniq_duvessa
D:5:      tso_metal_star
D:6:      marbit_many_paths, nemelex_xobeh_ov_fountains_minmay, serial_shops,
          nicolae_shop_stone
D:7:      minmay_fountain_box, nicolae_ru_sacrificial_ziggurat
D:8:      lightli_temple_of_fire, lair_entry_dummy, serial_undead,
          serial_undead_f, serial_undead_c, serial_undead_b, serial_undead_b,
          hangedman_little_slice_of_home
D:9:      nicolae_ashenzari_panopticon, serial_shops, shop_statue, uniq_maurice
D:10:     serial_shops, shop, hangedman_decor_riveting, uniq_joseph, uniq_urug,
          uniq_sonja
D:11:     minmay_crystal_water, kennysheep_small_spiral, minmay_strange_pillars,
          hangedman_decor_lopped, grunt_gozag_breadcrumbs
D:12:     orc_0_dummy, grunt_dithmenos_smoke
D:13:     erik_vaults_2, enter_trove_5, minmay_the_grid_3x3
Temple:   jpeg_temple_alley_garden
Lair:1:   basic_altar, uniq_grum, uniq_fannar, uniq_gastronok, uniq_erica
Lair:2:   spider_nest_entry_funnel_web
Lair:3:   minmay_shoals_entry_hut, lab_entry_generic,
          nicolae_quartered_pool_super, serial_bayou_shore_b,
          serial_bayou_shore_a, lemuel_fruit_tree, infiniplex_staircase_pool_2,
          uniq_snorg
Lair:4:   grunt_megastairs_3, infiniplex_staircase_pool
Lair:5:   regret_index_bee_streams, minmay_slime_entry_oklob_enclosed,
          portal_ice_cave_entry_imps, gammafunk_lair_bear_cave
Lair:6:   hangedman_lair_in_review, hangedman_lair_tendril_chambers, st_stairs_5
Lab:      labyrinth_skeletal_remains, nicolae_lab_garden
IceCv:    ice_cave_caverns_03

Skill      XL: |  1  2  3  4  5  6  7  8  9 10 11 12 13 14 15 |
---------------+----------------------------------------------+-----
Hexes          | 4 5 6 7 9 10 11 12 | 12.3
Spellcasting   | 3 4 5 6 7 8 9 10 11 12 | 12.1
Stealth        | 5 6 7 9 11 12 14 15 16 | 16.2
Fighting       | 2 4 6 7 9 10 | 10.7
Short Blades   | 3 6 8 10 11 | 11.9
Dodging        | 5 8 10 12 13 | 13.3
Conjurations   | 1 |  1.2
Ice Magic      | 2 4 6 |  6.0
Summonings     | 1 4 |  4.8
Evocations     | 4 |  4.2
Translocations | 5 |  5.0

Action                   |  1- 3 |  4- 6 |  7- 9 | 10-12 | 13-15 || total
-------------------------+-------+-------+-------+-------+-------++-------
Melee: Dagger            |   111 |    73 |   255 |   485 |   739 ||  1663
       Short sword       |       |    24 |    29 |    53 |       ||   106
 Fire: Blowgun           |       |       |       |       |     8 ||     8
Throw: Stone             |       |    12 |     1 |     8 |       ||    21
       Tomahawk          |       |       |       |     8 |     3 ||    11
 Cast: Corona            |    17 |     1 |       |     1 |       ||    19
       Ensorcelled Hiber |    13 |    36 |    68 |   169 |   304 ||   590
       Confuse           |       |     7 |    59 |   121 |    95 ||   282
       Tukima's Dance    |       |     1 |    14 |    15 |    20 ||    50
       Gell's Gravitas   |       |       |       |     5 |     3 ||     8
       Dazzling Spray    |       |       |       |     6 |     8 ||    14
       Fulminant Prism   |       |       |       |     2 |     3 ||     5
       Summon Ice Beast  |       |       |       |       |     5 ||     5
       Metabolic Englaci |       |       |       |       |     6 ||     6
Invok: Shadow Step       |       |       |       |       |     1 ||     1
       Shadow Form       |       |       |       |       |     1 ||     1
Evoke: Wand              |       |       |       |     3 |     5 ||     8
  Use: Scroll            |     2 |       |    13 |    24 |    19 ||    58
       Potion            |       |       |       |     2 |     4 ||     6
 Stab: Sleeping          |    15 |    27 |    62 |   122 |   247 ||   473
       Confused          |       |     2 |    30 |    43 |    49 ||   124
       Distracted        |       |       |     1 |     2 |     9 ||    12
  Eat: Pizza             |       |     1 |       |     1 |     1 ||     3
       Royal jelly       |       |       |     1 |     1 |       ||     2
       Bread ration      |       |       |     1 |     1 |       ||     2
       Fruit             |       |       |       |       |    12 ||    12
Armor: Robe              |    21 |     9 |     6 |    13 |    59 ||   108
       Troll leather arm |       |       |    26 |    26 |       ||    52
Dodge: Dodged            |    99 |    58 |   144 |   411 |   655 ||  1367
Block: Buckler           |       |       |    51 |   113 |   184 ||   348
